Map: Emerald City LE

Players

Sania

  • Race: Zerg Zerg
  • Spawn Location: 11:00

Integro

  • Race: Zerg Zerg
  • League: Platinum
  • Spawn Location: 11:00

qqq - Winner!

  • Race: Zerg Zerg
  • Spawn Location: 5:00

Massa - Winner!

  • Race: Terran Terran
  • League: Platinum
  • Spawn Location: 5:00

VOD

Have the link to the VOD?

Description

Time

  • Played on: March 8, 2021, 5:48 a.m.
  • Length: 6:53
Show
View Real Time Build Order
Export as new Build Order

Sania Zerg 

Build Orders: Hatch First, Zergling Baneling 

Get SALT Encoding   

  12  0:02  Drone  
  13  0:10  Drone  
  14  0:18  Overlord  
  14  0:37  Drone x3  
  17  0:49  Drone  
  18  1:00  Hatchery  
  17  1:10  Spawning Pool  
  16  1:13  Drone  
  16  1:16  Drone  
  18  1:23  Drone  
  18  1:24  Extractor  
  18  1:33  Drone  
  19  1:51  Overlord  
  19  1:57  Queen  
  21  2:12  Queen  
  23  2:17  Zergling x6  
  23  2:18  Zergling x2  
  27  2:26  Drone  
  28  2:35  Hatchery  
  27  2:38  Drone x2  
  29  2:44  Metabolic Boost  
  29  2:53  Queen  
  31  3:01  Drone x3  
  34  3:16  Overlord  
  33  3:27  Zergling x2  
  33  3:28  Zergling x4  
  33  3:44  Baneling Nest  
  32  3:50  Drone  
  32  3:51  Zergling x16  
  41  3:58  Lair  
  41  4:04  Extractor, Drone x3  
  43  4:28  Drone x7  
  50  4:35  Baneling  
  50  4:36  Baneling x7  
  46  5:01  Zergling x14  
  35  5:25  Zergling x2  
  35  5:26  Queen, Zergling x22  
  42  5:39  Zergling x4  
  35  5:59  Zergling x2  
  35  6:00  Zergling x12  
  35  6:02  Queen  
  40  6:08  Baneling x3  
  36  6:36  Zergling x2  
  36  6:50  Roach Warren  
Show
View Real Time Build Order
Export as new Build Order

Integro Zerg 

Build Orders: Hatch First 

Get SALT Encoding   

  12  0:01  Drone  
  13  0:08  Drone  
  14  0:19  Overlord  
  14  0:37  Drone x3  
  17  0:50  Drone  
  18  0:58  Hatchery  
  18  1:01  Extractor  
  16  1:13  Drone  
  17  1:19  Spawning Pool  
  16  1:29  Drone x2  
  16  1:32  Drone  
  19  1:42  Drone  
  20  2:04  Overlord  
  20  2:07  Queen  
  22  2:08  Metabolic Boost  
  22  2:12  Queen  
  24  2:19  Zergling x2  
  24  2:20  Zergling x2  
  24  2:22  Zergling x2  
  27  2:25  Drone  
  28  2:36  Drone  
  28  2:37  Overlord  
  29  2:43  Drone x2  
  31  2:55  Drone x2  
  33  3:11  Drone x3  
  36  3:22  Zergling x2  
  36  3:23  Zergling x2  
  37  3:29  Zergling x2  
  36  3:37  Lair, Baneling Nest  
  35  3:43  Drone x3  
  38  3:50  Zergling x2  
  38  3:51  Drone  
  38  3:55  Hatchery  
  39  3:59  Pneumatized Carapace  
  39  4:01  Drone  
  41  4:02  Drone  
  41  4:08  Extractor  
  40  4:18  Drone x3  
  40  4:19  Drone  
  44  4:26  Spore Crawler  
  44  4:28  Drone  
  43  4:46  Zergling x2  
  43  4:56  Zergling x2  
  43  5:02  Zergling x2  
  43  5:06  Baneling x2  
  43  5:07  Zergling x2  
  43  5:08  Zergling x12  
  50  5:20  Zergling x2  
  47  5:36  Zergling x8  
  47  5:37  Zergling x4  
  46  5:44  Zergling x4  
  46  5:45  Zergling x4  
  43  5:50  Drone x2  
  43  5:55  Zergling x2  
  38  5:58  Baneling x2  
  38  5:59  Baneling  
  38  6:01  Zergling x2  
  38  6:02  Zergling x2  
  34  6:09  Zergling x6  
  25  6:26  Zergling x4  
  25  6:27  Zergling x4  
  26  6:34  Zergling x2  
Show
View Real Time Build Order
Export as new Build Order

qqq Zerg - Winner!

Build Orders: Hatch First 

Get SALT Encoding   

  12  0:01  Drone  
  13  0:08  Drone  
  14  0:25  Overlord  
  14  0:50  Hatchery  
  14  0:53  Drone  
  14  0:54  Drone  
  14  0:57  Drone  
  16  1:06  Drone  
  17  1:15  Drone  
  18  1:18  Extractor  
  16  1:28  Spawning Pool  
  16  1:29  Drone  
  16  1:38  Drone  
  17  1:48  Drone  
  18  1:59  Drone  
  19  2:11  Overlord  
  19  2:14  Drone  
  20  2:17  Queen x2  
  20  2:19  Metabolic Boost  
  24  2:26  Overlord  
  24  2:32  Zergling x2  
  24  2:34  Drone  
  26  2:37  Drone  
  26  2:39  Drone  
  28  2:45  Evolution Chamber  
  28  2:48  Drone  
  28  2:54  Zergling x4  
  30  3:00  Zergling x2  
  30  3:04  Zergling x2  
  32  3:08  Zergling x2  
  33  3:13  Zergling x2  
  32  3:28  Zergling x4  
  32  3:29  Zergling x8  
  35  3:39  Zerg Melee Weapons Level 1  
  35  3:40  Drone x2, Zergling x4  
  39  3:44  Zergling x2  
  40  3:54  Zergling x2  
  40  3:55  Zergling x2  
  42  4:03  Zergling x2  
  42  4:05  Overlord  
  43  4:16  Hatchery, Overlord  
  42  4:23  Drone x2  
  44  4:24  Zergling x2  
  44  4:25  Zergling x2  
  44  4:27  Drone  
  44  4:30  Zergling x2  
  48  4:43  Zergling x2  
  48  4:44  Zergling x8  
  52  4:55  Zergling x4  
  52  4:56  Drone, Zergling x4  
  57  5:03  Zergling x2  
  58  5:14  Zergling x12  
  52  5:26  Zergling x4  
  49  5:34  Zergling x6  
  48  5:38  Zergling x2  
  48  5:40  Lair  
  46  5:45  Zergling x4  
  47  5:54  Zergling x2  
  47  5:55  Zergling x4  
  48  6:08  Zergling x2  
  48  6:09  Zergling x4  
  45  6:28  Zergling x12  
  47  6:35  Zergling x12  
  47  6:36  Zergling x2  
Show
View Real Time Build Order
Export as new Build Order

Massa Terran - Winner!

Build Orders: 2 Factory 

Get SALT Encoding   

  12  0:00  SCV  
  13  0:12  SCV  
  14  0:18  Supply Depot  
  14  0:24  SCV  
  15  0:40  SCV, Barracks  
  16  0:52  SCV  
  17  1:04  SCV  
  17  1:11  Refinery  
  18  1:16  SCV  
  18  1:17  Refinery  
  19  1:28  SCV  
  20  1:34  Command Center  
  20  1:42  Orbital Command  
  20  1:47  Barracks Tech Lab  
  20  2:03  Supply Depot  
  20  2:07  Ghost Academy  
  20  2:11  SCV  
  21  2:16  Marine  
  22  2:23  SCV  
  23  2:32  Factory  
  23  2:35  SCV  
  24  2:43  Ghost  
  26  2:52  Orbital Command  
  26  2:54  SCV  
  27  3:05  Factory  
  24  3:37  SCV x2  
  24  3:38  Barracks Reactor  
  26  3:43  Hellion, Infernal Pre-Igniter  
  28  3:49  SCV x2  
  28  3:50  Hellion  
  32  4:04  Hellion  
  32  4:06  Supply Depot  
  32  4:08  Supply Depot  
  34  4:20  Hellion x2  
  34  4:23  SCV x2  
  40  4:25  Barracks Tech Lab  
  40  4:26  Hellion  
  40  4:29  Supply Depot  
  42  4:35  SCV  
  43  4:41  Hellion x2  
  47  4:47  Hellion  
  47  5:03  Hellion x2  
  51  5:08  Hellion  
  53  5:20  SCV x2  
  55  5:24  Hellion x2, Ghost  
  61  5:30  Hellion  
  61  5:32  SCV x2  
  61  5:44  SCV x2  
  61  5:45  Hellion  
  61  5:46  Hellion  
  65  5:51  Hellion  
  65  5:53  Ghost  
  63  6:10  Hellion x2  
  67  6:12  Hellion  
  67  6:31  Hellion x2  
  65  6:38  SCV x2  
Tags
 
Add a new tag
Caveats
  • Supply blocks, unpowered buildings, or Contaminate may cause inaccurate times.
  • Supply counts are checked every 10 seconds.